Map: Galactic Process LE

Players

Tranquility - Winner!

  • Race: Terran Terran
  • League: Platinum

Nickos

  • Race: Terran Terran
  • League: Gold

VOD

Have the link to the VOD?

Description

Time

  • Played on: Sept. 9, 2016, 4:54 a.m.
  • Length: 7:59
Show
View Real Time Build Order
Export as new Build Order

Tranquility Terran - Winner!

Build Orders:  

Get SALT Encoding   

  12  0:01  SCV  
  13  0:13  SCV  
  14  0:21  Supply Depot  
  14  0:25  SCV  
  15  0:31  Refinery  
  15  0:43  SCV  
  16  0:55  SCV  
  17  1:03  Barracks  
  17  1:12  SCV  
  17  1:17  Barracks  
  18  1:24  SCV  
  19  1:36  SCV  
  20  1:44  Supply Depot  
  20  1:48  SCV  
  20  1:50  Reaper  
  22  2:06  Reaper  
  22  2:23  Reaper  
  23  2:39  Barracks Reactor  
  23  2:41  SCV  
  24  2:48  Refinery  
  24  2:55  Reaper  
  25  2:58  Command Center  
  24  3:18  Reaper x2  
  26  3:22  Bunker  
  26  3:24  Orbital Command  
  26  3:32  Reaper  
  27  3:50  Reaper, SCV  
  29  4:00  Factory  
  29  4:08  Reaper  
  30  4:12  Refinery, SCV  
  31  4:19  Orbital Command  
  31  4:24  SCV  
  31  4:28  Reaper x2  
  31  4:29  Refinery  
  34  4:45  SCV  
  35  4:48  Factory Tech Lab  
  35  4:51  Marine  
  36  4:55  Starport  
  36  4:57  SCV  
  36  4:59  Marine  
  37  5:00  Marine  
  36  5:09  Marine  
  32  5:22  Marine x2  
  32  5:27  Barracks Tech Lab  
  34  5:28  Siege Tank  
  34  5:34  Starport Reactor  
  37  5:39  Bunker  
  37  5:42  Marine x2  
  38  5:46  Marine  
  38  5:47  Combat Shields  
  40  5:50  SCV  
  40  5:52  SCV  
  42  6:02  SCV  
  43  6:05  SCV  
  43  6:11  Siege Tank  
  47  6:12  Supply Depot  
  47  6:16  Liberator  
  47  6:17  Marine, Supply Depot, SCV  
  47  6:18  Marine  
  50  6:20  Medivac  
  52  6:28  Supply Depot  
  52  6:29  SCV  
  52  6:30  Marine  
  54  6:38  Supply Depot  
  57  6:42  SCV  
  58  6:52  Liberator  
  58  6:54  SCV  
  59  7:02  Siege Tank, Marine  
  59  7:03  Marine  
  59  7:06  Marine  
  68  7:16  Medivac  
  70  7:24  Marine  
  70  7:27  Marine x2  
Show
View Real Time Build Order
Export as new Build Order

Nickos Terran 

Build Orders:  

Get SALT Encoding   

  12  0:01  SCV  
  13  0:13  SCV  
  14  0:21  Supply Depot  
  14  0:25  SCV  
  15  0:43  SCV  
  15  0:44  Barracks  
  15  0:48  Refinery  
  16  0:55  SCV  
  17  1:07  SCV  
  18  1:19  SCV  
  19  1:31  Reaper  
  19  1:32  Orbital Command  
  20  1:49  Barracks  
  20  1:53  Barracks  
  20  2:08  SCV  
  21  2:11  Supply Depot  
  21  2:19  Marine  
  21  2:20  SCV  
  23  2:33  SCV  
  23  2:37  Marine  
  23  2:39  Marine  
  23  2:40  Marine  
  26  2:45  SCV  
  27  2:54  Factory  
  27  2:55  Marine  
  28  2:58  Barracks Reactor  
  28  2:59  Marine  
  25  3:13  Marine  
  25  3:17  Marine  
  27  3:20  SCV  
  28  3:31  Marine  
  28  3:32  SCV  
  30  3:35  Marine  
  31  3:44  Supply Depot  
  31  3:46  Supply Depot  
  31  3:55  Barracks  
  31  3:56  Factory Reactor  
  31  3:57  Barracks  
  31  4:05  Widow Mine  
  31  4:06  SCV, Marine x4  
  38  4:24  SCV  
  38  4:25  Marine  
  38  4:26  Barracks Tech Lab  
  38  4:30  Marine  
  41  4:36  SCV  
  41  4:37  Barracks Reactor  
  42  4:40  Widow Mine  
  44  4:46  Supply Depot  
  44  4:47  Supply Depot, Marauder  
  44  4:48  SCV, Marine x2  
  44  4:50  Stimpack  
  44  4:52  Marine  
  50  4:55  Marine  
  51  5:00  SCV  
  51  5:05  Marine  
  51  5:06  Marine  
  45  5:22  Marine  
  45  5:26  Marine x5  
  45  5:27  Marine  
  52  5:40  Marine  
  52  5:42  Starport  
  53  5:43  Marine  
  54  5:53  Marine x2  
  54  5:55  Marine x3  
  59  5:57  Marine  
  59  6:03  Supply Depot  
  60  6:04  Marine  
  60  6:10  Factory Reactor  
  61  6:11  Marine  
  61  6:16  Marine  
  61  6:17  Marine x2  
  65  6:24  Supply Depot  
  65  6:25  Marine  
  65  6:31  Medivac  
  68  6:33  Marine  
  66  6:50  Marine  
  66  6:51  Marine x3  
  66  6:56  Marine x2  
  66  6:57  Marine  
  66  6:59  SCV  
  70  7:04  Supply Depot  
  69  7:08  Marine x2  
  69  7:17  Marine  
  69  7:18  Marine x2  
  69  7:19  Marine  
Tags
 
Add a new tag
Caveats
  • Supply blocks, unpowered buildings, or Contaminate may cause inaccurate times.
  • Supply counts are checked every 10 seconds.